 Dungeon Crawl Stone Soup version 0.25-a0-834-g55863b0b92 (webtiles) character file.

Game seed: 11956475458600696211, levelgen mode: deterministic

244296 Ashen the Stormcaller (level 19, -23/124 HPs)
             Began as a Tengu Air Elementalist on Apr 22, 2020.
             Was the Champion of Vehumet.
             Killed from afar by Zedghesyr's ghost (28 damage)
             ... with a bolt of magma
             ... on level 13 of the Dungeon.
             The game lasted 04:08:43 (61167 turns).

Ashen the Stormcaller (Tengu Air Elementalist)     Turns: 61167, Time: 04:08:44

Health: -23/124    AC: 15    Str: 13    XL:     19   Next: 44%
Magic:  4/38       EV: 30    Int: 27    God:    Vehumet [******]
Gold:   1088       SH:  6    Dex: 16    Spells: 1/46 levels left

rFire    . . .     SeeInvis .   e - staff of energy
rCold    . . .     Gourm    .   Y - +1 buckler {AC+3}
rNeg     . . .     Faith    .   g - +4 steam dragon scales of the Assorted Scars {rPois MR+ Str+4 Stlth+}
rPois    +         Spirit   .   (helmet restricted)
rElec    .         Reflect  .   f - +1 cloak {rPois}
rCorr    .         Harm     .   X - +0 pair of gloves
MR       +++..                  (boots unavailable)
Stlth    +++.......             (no amulet)
HPRegen  0.30/turn              B - ring of protection from magic
MPRegen  0.26/turn              y - +5 ring of intelligence

@: flying quickly and evasively, quick
A: beak, talons 3, able to fly
}: 2/15 runes: serpentine, barnacled
a: Stop Flying, Renounce Religion


You were on level 13 of the Dungeon.
You worshipped Vehumet.
Vehumet was exalted by your worship.
You were hungry.

You visited 6 branches of the dungeon, and saw 28 of its levels.
You also visited: Volcano.

You collected 2935 gold pieces.
You spent 1847 gold pieces at shops.

Inventory:

Hand Weapons
 j - a +4 whip of venom
 F - the +1 hunting sling of Objectivity {vorpal, *Corrode rElec rPois Str+4}
   (You took it off a crimson imp on level 9 of the Dungeon)

   Any stone fired from it inflicts extra damage.
   It affects your strength (+4).
   It insulates you from electricity.
   It protects you from poison.
   It may corrode you when you take damage.
 O - a +6 quick blade of flaming
 P - a +0 rapier of electrocution
Armour
 f - a +1 cloak of poison resistance (worn)
 g - the +4 steam dragon scales of the Assorted Scars (worn) {rPois MR+ Str+4 Stlth+}
   (You took it off a merfolk javelineer on level 4 of the Shoals)

   It affects your strength (+4).
   It protects you from poison.
   It affects your resistance to hostile enchantments.
   It makes you more stealthy.
 K - a +2 robe of resistance
 X - a +0 pair of gloves (worn)
 Y - a +1 buckler of protection (worn)
Magical Staves
 e - an uncursed staff of energy (weapon)
 C - an uncursed staff of conjuration
 M - an uncursed staff of air
 T - an uncursed staff of wizardry
Jewellery
 b - an uncursed amulet of the acrobat
 n - an uncursed ring of resist corrosion
 p - a +3 amulet of reflection
 r - an uncursed ring of teleportation
 y - a +5 ring of intelligence (right hand)
 B - a ring of protection from magic (left hand)
Wands
 k - a wand of disintegration (18)
 q - a wand of iceblast (3)
 u - a wand of paralysis (3)
 D - a wand of scattershot (3)
 E - a wand of digging (11)
 U - a wand of enslavement (9)
Scrolls
 d - 5 scrolls of remove curse
 i - 2 scrolls of identify
 l - 3 scrolls of enchant armour
 o - a scroll of enchant weapon
 v - 6 scrolls of teleportation
 z - a scroll of immolation
 A - 4 scrolls of silence
 R - 3 scrolls of fear
 S - 5 scrolls of noise
 V - 3 scrolls of torment
 W - a scroll of vulnerability {unknown}
Potions
 a - 2 potions of brilliance
 h - 6 potions of berserk rage
 m - 8 potions of curing
 t - 6 potions of haste
 w - 2 potions of stabbing
 I - a potion of lignification
 J - 2 potions of might
 Z - 3 potions of cancellation
Comestibles
 c - 14 rations


   Skills:
 + Level 15.1 Fighting
 + Level 16.4 Dodging
 - Level 3.0 Stealth
 - Level 4.0 Shields
 + Level 14.2 Spellcasting
 + Level 18.8 Conjurations
 + Level 19.3 Air Magic


You had one spell level left.
You knew the following spells:

 Your Spells              Type           Power        Failure   Level  Hunger
a - Conjure Ball Lightni  Conj/Air       #######...   1%          6    None
b - Swiftness             Chrm/Air       ######..     1%          2    None
c - Chain Lightning       Conj/Air       #######...   2%          8    None
d - Airstrike             Air            #######...   0%          4    None
e - Lightning Bolt        Conj/Air       #######...   1%          5    None
g - Tornado               Air            #######...   26%         9    None
h - Mephitic Cloud        Conj/Pois/Air  ######..     1%          3    None
i - Freezing Cloud        Conj/Ice/Air   ######....   1%          6    None
j - Blink                 Tloc           N/A          4%          2    None

Your spell library contained the following spells:

 Spells                   Type           Power        Failure   Level  Hunger
 Magic Dart               Conj           ####         0%          1    None
 Shock                    Conj/Air       ####         0%          1    None
 Foxfire                  Conj/Fire      ####         1%          1    None
 Freeze                   Ice            ###.         1%          1    None
 Sandblast                Erth           ###...       1%          1    None
 Beastly Appendage        Tmut           ###...       2%          1    None
 Corona                   Hex            ###....      2%          1    None
 Infusion                 Chrm           ###.         2%          1    None
 Sting                    Tmut/Pois      ###.         2%          1    None
 Summon Butterflies       Summ           ###.....     2%          1    None
 Searing Ray              Conj           ######       0%          2    None
 Static Discharge         Conj/Air       #######.     0%          3    None
 Poisonous Vapours        Pois/Air       ######       1%          2    None
 Conjure Flame            Conj/Fire      ######..     1%          3    None
 Stone Arrow              Conj/Erth      ######       1%          3    None
 Fulminant Prism          Conj/Hex       ######....   1%          4    None
 Hailstorm                Conj/Ice       ######..     1%          4    None
 Summon Lightning Spire   Summ/Air       ######..     1%          4    None
 Irradiate                Conj/Tmut      ######....   1%          5    None
 Silence                  Hex/Air        ######....   1%          5    None
 Frozen Ramparts          Ice            ###...       2%          3    None
 Ignite Poison            Fire/Tmut/Pois ###.....     2%          3    None
 Inner Flame              Hex/Fire       ###.....     2%          3    None
 Iron Shot                Conj/Erth      ######....   2%          6    None
 Call Imp                 Summ           ###.....     4%          2    None
 Ensorcelled Hibernation  Hex/Ice        ###...       4%          2    None
 Passwall                 Tmut/Erth      ###.....     4%          2    None
 Shroud of Golubria       Chrm/Tloc      ###...       4%          2    None
 Slow                     Hex            ###.....     4%          2    None
 Song of Slaying          Chrm           ###.....     4%          2    None
 Sticks to Snakes         Tmut           ###.....     4%          2    None
 Olgreb's Toxic Radiance  Pois           ###.....     8%          4    None
 Call Canine Familiar     Summ           ###.....     9%          3    None
 Confusing Touch          Hex            ###.....     9%          3    None
 Gell's Gravitas          Tloc           ###.......   9%          3    None
 Ozocubu's Armour         Chrm/Ice       ###.....     9%          3    None
 Portal Projectile        Hex/Tloc       ###...       9%          3    None
 Spectral Weapon          Hex/Chrm       ###.....     9%          3    None
 Spider Form              Tmut/Pois      ###.......   9%          3    None
 Lee's Rapid Deconstruct  Erth           ###.......   21%         5    None
 Yara's Violent Unravell  Hex/Tmut       ###.......   21%         5    None
 Cause Fear               Hex            ###.......   28%         4    None
 Ice Form                 Ice/Tmut       ###.....     28%         4    None
 Leda's Liquefaction      Hex/Erth       ###.......   28%         4    None
 Petrify                  Tmut/Erth      ###.....     28%         4    None
 Summon Ice Beast         Ice/Summ       ###.....     28%         4    None
 Blade Hands              Tmut           ###.......   61%         5    None
 Borgnjor's Vile Clutch   Necr/Erth      ###.......   61%         5    None
 Metabolic Englaciation   Hex/Ice        ###.......   61%         5    None
 Summon Mana Viper        Hex/Summ       ###.....     61%         5    None
 Darkness                 Hex            ###.......   99%         6    None
 Hydra Form               Tmut           ###.......   99%         6    None
 Shadow Creatures         Summ           N/A          99%         6    None
 Statue Form              Tmut/Erth      ###......    99%         6    None
 Dragon Form              Tmut           ###.......   100%        7    None
 Summon Hydra             Summ           ###.......   100%        7    None


Dungeon Overview and Level Annotations

Branches:
Dungeon (15/15)            Temple (1/1) D:7            Lair (2/6) D:11
 Shoals (4/4) Lair:2        Snake (4/4) Lair:2          Orc (2/2) D:12
    Elf (0/3) Orc:2        Vaults (0/5) D:13         Depths (0/5) D:15
Volcano (visited)

Altars:
Ashenzari
Cheibriados
Dithmenos
Elyvilon
Fedhas
Gozag
Hepliaklqana
Kikubaaqudgha
Makhleb
Nemelex Xobeh
Okawaru
Qazlal
Ru
Sif Muna
Trog
Uskayaw
Vehumet
Wu Jian
Xom
Yredelemnul
Zin
The Shining One

Shops:
D:4 [   Orc:2 *::[%   Snake:2 =}}

Portals:
Abyss: Shoals:3

Annotations:
D:13 1 transporter, Zedghesyr's ghost, journeyman DrCj
D:14 Rupert
Shoals:3 2 transporters, dragonscale333's ghost, adept HaHu


Innate Abilities, Weirdness & Mutations

You have a beak for a mouth.
You have claws for feet.
You can fly continuously.


Message History

Zedghesyr's ghost casts a spell at you. The bolt of magma misses you.
The shadow imp completely misses you.
Evoke which item? (* to show all) (? for menu, Esc to quit)
Aiming: Disintegrate
Press: ? - help, Shift-Dir - straight line, f/p - Zedghesyr's ghost
Aim: Zedghesyr's ghost (almost destroyed, chance to defeat MR: 10%) Zedghesyr's ghost resists with almost no effort.
Zedghesyr's ghost gestures at you while chanting.
The iron shot hits you!!
* * * LOW HITPOINT WARNING * * *
The shadow imp hits you.
* * * LOW HITPOINT WARNING * * *
Evoke which item? (* to show all) (? for menu, Esc to quit)
Aiming: Disintegrate
Press: ? - help, Shift-Dir - straight line, f/p - Zedghesyr's ghost
Aim: Zedghesyr's ghost (almost destroyed, chance to defeat MR: 10%) Zedghesyr's ghost resists with almost no effort.
Zedghesyr's ghost gestures at you while chanting.
The bolt of magma hits you!!
You die...

# ##.[<...(.## ######..## #.# #
#..#####...##### ##..## #.# ##
##.##.....©.....### ##..###.#
.###..#..#########...# ##>....#
..##..#.##8!).[.8##..## ##...##
#..#.##.#.........#...## ###..##
#....##.#..#..W#..#....###....#
##....#.#.#.....#.#......(.[..#
##....#.#....©..@.#...######..#
#..##...#.#....5#.#..## #..#
..#####.#..#.).#..#.## #..# .##
#.#©....†...#.# ##..# ##
#.##8.....8##.# ###...# # #
#..#########..#####....####
#######......©.....###..........^
..........(....##### ##..........
..######......## ###..######


You could see Zedghesyr's ghost and a shadow imp.

Vanquished Creatures
  Vashnia (Snake:3)
  Nikola (Snake:1)
  A kraken (Shoals:4)
  Ilsuiw (Shoals:2)
  Agnes (Snake:3)
  6 nagarajas
  A frost giant (Shoals:3)
  A stone giant (Volcano)
  A dire elephant (Lair:2)
  8 merfolk javelineers
  Erolcha (D:12)
  9 merfolk impalers
  Josephine (D:10)
  A vault guard (D:13)
  A yaktaur captain (D:15)
  Harold (Lair:1)
  3 hydras
  17 naga warriors
  3 centaur warriors
  A catoblepas (Lair:2)
  11 anacondas
  2 alligator snapping turtles
  3 merfolk aquamancers
  4 two-headed ogres
  4 merfolk avatars
  A satyr (Shoals:2)
  2 tengu warriors (D:14)
  5 orc high priests (Orc:2)
  Urug (D:10)
  11 shock serpents
  26 naga sharpshooters
  3 salamander mystics
  15 sea snakes
  An unseen horror (D:13)
  A kraken simulacrum (Shoals:4)
  9 orc knights
  A wizard (D:13)
  A deep elf archer (D:13)
  12 naga ritualists
  8 harpies (Shoals:4)
  A necromancer (D:13)
  A wolf spider zombie (D:12)
  16 mana vipers
  The ghost of DrMuscles the Slasher, a novice FoFi (D:6)
  11 ugly things
  2 orc sorcerers (Orc:1)
  A deep elf mage (D:13)
  12 fauns
  18 manticores
  The ghost of sanka the Frost Mage, a novice BaIE (D:6)
  19 cyclopes
  12 salamanders
  16 merfolk sirens
  Maurice (D:13)
  2 molten gargoyles (Volcano)
  49 black mambas
  An elephant (Lair:2)
  8 guardian serpents
  A spiny frog (shapeshifter) (D:14)
  2 spiny frogs (Lair:2)
  5 water nymphs
  3 gargoyles
  21 naga magi
  A rime drake (Lair:2)
  3 komodo dragons
  A freezing wraith (D:13)
  An efreet (Volcano)
  The ghost of DogServant the Bolt Thrower, a novice KoHu (D:6)
  3 yaktaurs
  4 polar bears (Lair:1)
  26 merfolk
  Prince Ribbit (D:6)
  2 hornets
  9 trolls
  4 wind drakes
  2 dream sheep (Shoals:2)
  A blink frog (Lair:2)
  A meliai zombie (D:13)
  10 hippogriffs
  8 slime creatures
  13 snapping turtles
  A centaur simulacrum (D:15)
  A spriggan (D:9)
  6 wraiths
  3 shadows
  20 humans
  7 water elementals
  7 yaks
  3 wyverns
  2 fire bats (Volcano)
  Grum (D:7)
  A basilisk (Lair:2)
  3 fire elementals (Volcano)
  3 hungry ghosts
  7 vampire mosquitoes
  Edmund (D:4)
  An acid dragon (D:14)
  4 wargs
  70 nagas
  Duvessa (D:5)
  A soldier ant (D:12)
  14 water moccasins
  A porcupine (Lair:2)
  A swamp drake (D:12)
  12 sky beasts
  5 black bears
  36 orc warriors
  3 phantoms
  3 necrophages
  10 ogres
  An eye of draining (D:12)
  4 ice beasts
  4 wolves
  4 crocodiles
  17 centaurs
  3 big kobolds
  A wyvern zombie (D:10)
  20 bullfrogs
  A gnoll sergeant (D:11)
  A wyvern skeleton (D:15)
  Dowan (D:5)
  6 scorpions
  22 wights
  13 killer bees
  2 electric eels
  2 howler monkeys
  6 crimson imps
  7 lava snakes (Volcano)
  8 hounds
  7 jellies
  31 orc priests
  4 centaur skeletons
  22 orc wizards
  A bullfrog zombie (D:6)
  2 centaur zombies
  4 bullfrog skeletons
  Ijyb (D:4)
  3 iguanas
  12 worker ants
  2 hound zombies
  A hound skeleton (D:7)
  A worker ant zombie (D:9)
  15 adders
  7 gnolls
  2 howler monkey skeletons
  3 shadow imps
  2 oozes
  An adder zombie (D:7)
  2 adder skeletons (D:5)
  A worm (D:2)
  5 dart slugs
  6 leopard geckos
  91 orcs
  7 bats
  3 giant cockroaches
  5 goblins
  8 hobgoblins
  12 jackals
  3 quokkas
  A ball python (D:4)
  A ball python skeleton (D:6)
  5 frilled lizards
  A jackal skeleton (D:7)
  15 kobolds
  A leopard gecko skeleton (D:4)
  2 quokka skeletons
  7 rats
  4 fungi (Shoals:2)
  27 plants
  3 tentacles (Shoals:4)
1158 creatures vanquished.

Vanquished Creatures (collateral kills)
  A ball lightning (Shoals:3)
1 creature vanquished.

Vanquished Creatures (others)
  327 ball lightnings
  2 fauns (Shoals:2)
  A cyclops (Shoals:2)
  A manticore (Shoals:2)
  An orc wizard (Orc:1)
  An orc (D:6)
  28 foxfires
  2 fungi (Shoals:2)
  21 plants
  11 tentacles (Shoals:4)
  4 toadstools (Lair:2)
399 creatures vanquished.

Grand Total: 1558 creatures vanquished

Notes
Turn   | Place    | Note
-------+----------+-------------------------------------------
     0 | D:1      | Ashen the Tengu Air Elementalist began the quest for the
                  | Orb.
     0 | D:1      | Reached XP level 1. HP: 10/10 MP: 4/4
   133 | D:1      | Reached XP level 2. HP: 13/16 MP: 0/6
   165 | D:1      | Learned a level 2 spell: Swiftness
   611 | D:1      | Reached XP level 3. HP: 20/20 MP: 4/7
   941 | D:2      | Reached skill level 1 in Fighting
  1083 | D:2      | Learned a level 3 spell: Static Discharge
  1135 | D:2      | Reached XP level 4. HP: 25/25 MP: 0/8
  1639 | D:3      | Gained mutation: You can fly continuously. [Tengu growth]
  1639 | D:3      | Reached XP level 5. HP: 29/29 MP: 2/10
  1842 | D:3      | Found a sacrificial altar of Ru.
  1859 | D:3      | Reached skill level 5 in Air Magic
  2278 | D:4      | Noticed Ijyb
  2292 | D:4      | Paralysed by Ijyb for 6 turns
  2305 | D:4      | Killed Ijyb
  2305 | D:4      | Reached XP level 6. HP: 26/35 MP: 8/11
  2953 | D:4      | Found Pyrghynlu's Antique Armour Emporium.
  2964 | D:4      | Bought an embroidered robe for 118 gold pieces
  2979 | D:4      | Reached skill level 1 in Shields
  2979 | D:4      | Reached XP level 7. HP: 32/40 MP: 12/12
  3237 | D:4      | You are sucked into a shaft and drop 3 floors!
  3327 | D:6      | Noticed Prince Ribbit
  3333 | D:5      | Entered Level 5 of the Dungeon
  3428 | D:4      | Noticed Edmund
  3449 | D:4      | Killed Edmund
  4159 | D:5      | Noticed Duvessa
  4159 | D:5      | Noticed Dowan
  4397 | D:5      | Reached skill level 6 in Air Magic
  4569 | D:5      | Reached XP level 8. HP: 42/46 MP: 14/14
  4981 | D:6      | Reached skill level 5 in Conjurations
  5100 | D:6      | Reached skill level 5 in Dodging
  5230 | D:6      | Found a runed translucent gate.
  5231 | D:6      | Found a runed translucent gate.
  5237 | D:6      | Found a runed translucent gate.
  5237 | D:6      | Noticed sanka's ghost (novice BaIE)
  5237 | D:6      | Noticed DrMuscles's ghost (novice FoFi)
  5237 | D:6      | Noticed DogServant's ghost (novice KoHu)
  5797 | D:6      | Reached skill level 7 in Air Magic
  5824 | D:5      | Learned a level 4 spell: Airstrike
  5830 | D:5      | Learned a level 5 spell: Lightning Bolt
  6015 | D:6      | Killed Prince Ribbit
  6015 | D:6      | Reached XP level 9. HP: 48/52 MP: 16/16
  6281 | D:7      | Identified the Handbook of Enthralling Confrontation
  6286 | D:7      | Learned a level 2 spell: Searing Ray
  6336 | D:7      | Found a sparkling altar of Nemelex Xobeh.
  6560 | D:7      | Found a staircase to the Ecumenical Temple.
  6565 | Temple   | Entered the Ecumenical Temple
  6859 | Temple   | Became a worshipper of Vehumet
  6939 | D:7      | Reached skill level 5 in Spellcasting
  7443 | D:7      | Reached skill level 8 in Air Magic
  7446 | D:7      | Reached skill level 5 in Fighting
  7734 | D:7      | Reached * piety under Vehumet
  7734 | D:7      | Offered knowledge of Magic Dart by Vehumet.
  8058 | D:7      | Noticed a gargoyle
  8058 | D:7      | Noticed a cyan ugly thing
  8904 | D:8      | Noticed Grum
  8926 | D:7      | Killed Grum
  8926 | D:7      | Reached XP level 10. HP: 59/59 MP: 19/19
  9023 | D:7      | Killed a gargoyle
  9395 | D:7      | Reached skill level 9 in Air Magic
  9701 | D:8      | Found a hazy altar of Hepliaklqana.
 10319 | D:9      | Identified the cursed +1 hunting sling of Objectivity
                  | {vorpal, *Corrode rElec rPois Str+4}
 10628 | D:9      | Reached ** piety under Vehumet
 10628 | D:9      | Offered knowledge of Foxfire by Vehumet.
 10631 | D:9      | Learned a level 1 spell: Foxfire
 11445 | D:10     | Entered Level 10 of the Dungeon
 11504 | D:10     | You are sucked into a shaft and drop 3 floors!
 11556 | D:13     | Noticed a green ugly thing
 11569 | D:13     | Noticed a centaur warrior
 11578 | D:13     | Noticed a deep elf mage
 11656 | D:11     | Noticed a two-headed ogre
 11694 | D:11     | Killed a two-headed ogre
 11694 | D:11     | Reached skill level 10 in Air Magic
 11694 | D:11     | Reached XP level 11. HP: 66/66 MP: 2/22
 12221 | D:11     | Found a staircase to the Lair.
 12378 | D:10     | Offered knowledge of Mephitic Cloud by Vehumet.
 12384 | D:10     | Learned a level 3 spell: Mephitic Cloud
 12447 | D:10     | Reached *** piety under Vehumet
 12539 | D:10     | Noticed a cyan ugly thing
 12676 | D:10     | Offered knowledge of Sticky Flame by Vehumet.
 12736 | D:10     | Noticed Urug
 12897 | D:10     | Noticed Josephine
 13068 | D:10     | Killed Josephine
 13068 | D:10     | Reached skill level 10 in Conjurations
 13442 | D:10     | Reached skill level 11 in Air Magic
 14171 | D:11     | Noticed a two-headed ogre
 14179 | D:11     | Killed a two-headed ogre
 14275 | D:11     | Reached **** piety under Vehumet
 14279 | D:11     | Offered knowledge of Yara's Violent Unravelling by Vehumet.
 14897 | D:11     | Noticed a four-headed hydra
 14917 | D:11     | Killed a four-headed hydra
 14917 | D:11     | Reached XP level 12. HP: 48/74 MP: 12/25
 15597 | D:12     | Found a staircase to the Orcish Mines.
 16063 | D:12     | Noticed Erolcha
 16767 | Lair:1   | Entered Level 1 of the Lair of Beasts
 17271 | Lair:1   | Reached skill level 12 in Air Magic
 17419 | Lair:1   | Noticed Harold
 17430 | Lair:1   | Reached skill level 10 in Dodging
 17692 | Lair:1   | Killed Harold
 17990 | Lair:1   | Got a bloodstained hunting sling
 18696 | Lair:2   | Reached ***** piety under Vehumet
 18850 | Lair:2   | Noticed a catoblepas
 18850 | Lair:2   | Noticed a dire elephant
 18872 | Lair:2   | Found a runed translucent door.
 18907 | Lair:2   | Offered knowledge of Iron Shot by Vehumet.
 18958 | Lair:2   | Found a staircase to the Snake Pit.
 19145 | Lair:2   | Found a staircase to the Shoals.
 19702 | Lair:2   | Reached XP level 13. HP: 75/80 MP: 16/27
 19704 | Lair:2   | Killed a dire elephant
 20048 | Lair:2   | Learned a level 6 spell: Freezing Cloud
 20049 | Lair:2   | Identified the +6 hunting sling "Xogiroho" {vorpal, rElec
                  | Dex+4} (You found it on level 1 of the Lair of Beasts)
 20309 | Orc:1    | Entered Level 1 of the Orcish Mines
 20404 | Orc:1    | You are sucked into a shaft and drop 1 floor!
 20404 | Orc:2    | Entered Level 2 of the Orcish Mines
 20442 | Orc:2    | Found a dark tunnel.
 20597 | Volcano  | Entered a volcano
 21079 | Volcano  | Found a bloodstained altar of Trog.
 21140 | Volcano  | Reached skill level 13 in Air Magic
 21390 | Volcano  | Noticed a stone giant
 21425 | Volcano  | Killed a stone giant
 21980 | Orc:2    | Found Vaibre's General Store.
 22041 | Orc:1    | Reached skill level 10 in Fighting
 22918 | D:5      | Killed Dowan
 22920 | D:5      | Killed Duvessa
 23067 | D:6      | Killed DrMuscles's ghost
 23067 | D:6      | Killed DogServant's ghost
 23126 | D:6      | Killed sanka's ghost
 23587 | D:10     | Killed Urug
 23606 | D:10     | HP: 4/82 [cyan ugly thing (16)]
 24029 | D:12     | Killed Erolcha
 25097 | Orc:2    | Reached XP level 14. HP: 53/88 MP: 9/28
 25308 | Orc:2    | Reached skill level 10 in Spellcasting
 25633 | Orc:1    | Reached skill level 14 in Air Magic
 26752 | Orc:2    | Found a staircase to the Elven Halls.
 26755 | Orc:2    | Bought a potion of cancellation for 96 gold pieces
 27432 | Orc:2    | Found Qotocayw's Book Shoppe.
 27435 | Orc:2    | Found Setuj's Armour Emporium.
 27436 | Orc:2    | Found Uluostroracs's Food Shoppe.
 27437 | Orc:2    | Found Ampoijuo's Book Shoppe.
 27441 | Orc:2    | Bought a +1 buckler of protection for 198 gold pieces
 27460 | Orc:2    | Bought a Young Poisoner's Handbook for 440 gold pieces
 27460 | Orc:2    | Bought a book of the Sky for 715 gold pieces
 27461 | Orc:2    | Bought a book of Minor Magic for 280 gold pieces
 27464 | Orc:2    | Learned a level 2 spell: Blink
 28103 | D:13     | Noticed Maurice
 28106 | D:13     | Killed Maurice
 28110 | D:13     | Noticed Zedghesyr's ghost (journeyman DrCj)
 28453 | D:13     | Offered knowledge of Orb of Destruction by Vehumet.
 28959 | D:13     | Found a gate to the Vaults.
 29349 | D:13     | Found a transporter.
 29349 | D:13     | Found a transporter.
 30757 | D:14     | Found a sparkling altar of Nemelex Xobeh.
 30952 | D:14     | Reached XP level 15. HP: 88/95 MP: 23/30
 30955 | D:14     | Reached skill level 15 in Air Magic
 31206 | D:14     | Noticed Rupert
 31323 | D:15     | Entered Level 15 of the Dungeon
 32337 | D:15     | Found a staircase to the Depths.
 32723 | Shoals:1 | Entered Level 1 of the Shoals
 33204 | Shoals:1 | Reached ****** piety under Vehumet
 34148 | Shoals:1 | Offered knowledge of Iskenderun's Battlesphere by Vehumet.
 34148 | Shoals:1 | Reached skill level 15 in Conjurations
 36914 | Shoals:2 | Noticed Ilsuiw
 36946 | Shoals:2 | Reached skill level 16 in Air Magic
 37154 | Shoals:2 | Reached XP level 16. HP: 82/103 MP: 17/32
 38679 | Shoals:2 | Killed Ilsuiw
 38846 | Shoals:2 | HP: 3/103 [water nymph/the raging water (37)]
 39226 | Shoals:2 | Learned a level 9 spell: Tornado
 39596 | Shoals:3 | Found a one-way gate to the infinite horrors of the Abyss.
 39596 | Shoals:3 | Noticed dragonscale333's ghost (adept HaHu)
 39599 | Shoals:3 | Found a transporter.
 39603 | Shoals:3 | Found a transporter.
 39603 | Shoals:3 | Noticed a Hell Sentinel
 39684 | Shoals:3 | Learned a level 6 spell: Conjure Ball Lightning
 42344 | Shoals:3 | Identified the cursed +0 trident "Zysese Reol" {distort,
                  | rN+ Int+4}
 42461 | Shoals:4 | Entered Level 4 of the Shoals
 42472 | Shoals:4 | Noticed a kraken
 42477 | Shoals:4 | Killed a kraken
 43012 | Shoals:4 | Offered knowledge of Starburst by Vehumet.
 44833 | Shoals:4 | Reached skill level 17 in Air Magic
 44933 | Shoals:4 | Reached XP level 17. HP: 107/109 MP: 20/34
 46269 | Shoals:4 | Identified the +4 steam dragon scales of the Assorted Scars
                  | {rPois MR+ Str+4 Stlth+}
 46613 | Shoals:4 | Identified the Almanac of Cankerous Attacks
 46899 | Shoals:4 | Got a barnacled rune of Zot
 47023 | Snake:1  | Entered Level 1 of the Snake Pit
 47664 | Snake:1  | Noticed Nikola
 47670 | Snake:1  | Killed Nikola
 48949 | Snake:1  | Reached skill level 15 in Dodging
 48993 | Snake:1  | Identified a scroll of acquirement
 48995 | Snake:1  | Identified the ring of Pantheism {Fire rN+} (You acquired
                  | it on level 1 of the Snake Pit)
 48995 | Snake:1  | Identified the +10 eveningstar of Revolt {antimagic, *Noise
                  | rF+++ rC+ Str-2} (You acquired it on level 1 of the Snake
                  | Pit)
 49236 | Snake:2  | Found a frozen archway.
 49573 | Snake:2  | Offered knowledge of Ozocubu's Refrigeration by Vehumet.
 50286 | Snake:2  | Reached skill level 18 in Air Magic
 50459 | Snake:2  | Reached XP level 18. HP: 116/116 MP: 36/36
 50489 | Snake:2  | Found a hide-covered altar of Uskayaw.
 51165 | Snake:2  | Found Vyulez's Gadget Shop.
 51167 | Snake:2  | Found Famemm's Jewellery Shoppe.
 51168 | Snake:2  | Found Dochutukh's Gadget Shop.
 52007 | Snake:3  | Noticed Vashnia
 52652 | Snake:3  | Offered knowledge of Bolt of Magma by Vehumet.
 53002 | Snake:3  | Killed Vashnia
 53659 | Snake:4  | Entered Level 4 of the Snake Pit
 55534 | Snake:4  | Noticed Agnes
 55561 | Snake:3  | Killed Agnes
 57703 | Snake:4  | Reached XP level 19. HP: 103/123 MP: 13/37
 57909 | Snake:4  | Offered knowledge of Chain Lightning by Vehumet.
 57924 | Snake:3  | Learned a level 8 spell: Chain Lightning
 58662 | Snake:4  | Reached skill level 19 in Air Magic
 59467 | Snake:4  | Reached skill level 15 in Fighting
 59987 | Snake:4  | Got a serpentine rune of Zot
 61166 | D:13     | HP: 4/124 [shadow imp[Zedghesyr's ghost] (3)]
 61167 | D:13     | Killed from afar by Zedghesyr's ghost

Levels and vault maps discovered:
D:1:      heliophobic_arrival_ceremonial_halls, layout_basic, minmay_domino_2
D:2:      layout_basic
D:3:      layout_rooms, nicolae_ru_sacrificial_ziggurat
D:4:      layout_loops_corners, first_ration, serial_shops, shop,
          minmay_circle_x, uniq_edmund, uniq_ijyb
D:5:      layout_basic, uniq_duvessa
D:6:      layout_cave_pods, gammafunk_ghost_cemetery, uniq_prince_ribbit1
D:7:      minmay_the_grid_triangle_9x9_rhombus_full
          [minmay_the_grid_triangle_9x9_from_above,
          minmay_the_grid_triangle_9x9_semitri,
          minmay_the_grid_triangle_9x9_negative_grid,
          minmay_the_grid_triangle_9x9_zippers_horizontal,
          minmay_the_grid_triangle_9x9_steps,
          minmay_the_grid_triangle_9x9_windchime,
          minmay_the_grid_triangle_9x9_longest,
          minmay_the_grid_triangle_9x9_prize_insulated], layout_gridville,
          kennysheep_mini, minmay_temple_entry_nine_rooms
D:8:      layout_loops_cross, basic_altar, uniq_grum
D:9:      layout_small_grid, the_bakery
D:10:     layout_rooms, kennysheep_nub, st_stairs_5, uniq_josephine, uniq_urug
D:11:     layout_stronghold, david_lair_shrubbed
D:12:     layout_big_octagon, erik_orc_1, kennysheep_donut, uniq_erolcha
D:13:     layout_layer_cave, grunt_vaults_entry_tiered, gammafunk_ghost_arena,
          uniq_maurice
D:14:     layout_gridville, ebering_dispersal_statue_hall,
          nemelex_diamond_rough_becter, uniq_rupert
D:15:     grunt_enter_depths_snipers, layout_basic, nicolae_two_hexagons
Temple:   regret_index_temple_sigil_plot
Lair:1:   beast_lair_carwin_large_2, layout_hall_layers, serial_forest,
          infiniplex_forest_lined_room_, infiniplex_forest_lined_3,
          infiniplex_forest_lined_2, infiniplex_forest_clump_long,
          lemuel_fruit_fields, uniq_harold
Lair:2:   gammafunk_lair_enchanted_lake, layout_regular_city,
          minmay_shoals_entry_beasts, minmay_snake_entry_guardpost_small
Shoals:1: cheibrodos_shoals_roost, layout_shoals
Shoals:2: layout_shoals, st_cyclops, uniq_ilsuiw
Shoals:3: layout_shoals, gammafunk_ghost_abyssal_escape, st_shoals_ruin
Shoals:4: shoals_end_grunt_ice, layout_shoals,
          nicolae_shoals_kraken_intersection
Snake:1:  cheibrodos_forgotten_conduit, layout_grid_maze, uniq_nikola
Snake:2:  layout_rooms, portal_ice_cave_entry_ugly_swarm, basic_altar,
          serial_shops, bzr_entry_gold, hangedman_snake_corridor_split,
          minmay_shop_grove, lemuel_fruit_tree
Snake:3:  layout_grid_maze, serial_bayou_shore_a, uniq_vashnia
Snake:4:  johnstein_snake_rune_scales, layout_cave_town, hangedman_venom_bottle,
          uniq_agnes
Orc:1:    layout_caves
Orc:2:    st_orc_pillars, layout_caves, serial_shops, shop,
          gauntlet_entry_generic, enter_volcano_4

Skill      XL: |  1  2  3  4  5  6  7  8  9 10 11 12 13 14 15 16 17 18 19 |
---------------+----------------------------------------------------------+-----
Conjurations   | 2 3 4 5 7 9 10 11 13 14 15 16 17 18 | 18.8
Fighting       | 1 2 3 4 5 6 8 9 10 11 12 13 14 15 | 15.1
Dodging        | 3 4 5 6 8 9 10 11 12 13 14 15 16 | 16.4
Stealth        | 3 |  3.0
Air Magic      | 5 6 7 8 10 11 12 13 14 16 17 18 19 | 19.3
Spellcasting   | 3 4 5 6 8 9 10 11 12 13 14 | 14.2
Shields        | 1 2 3 4 |  4.0

Action                   |  1- 3 |  4- 6 |  7- 9 | 10-12 | 13-15 | 16-18 | 19-21 || total
-------------------------+-------+-------+-------+-------+-------+-------+-------++-------
Melee: Unarmed           |    23 |       |       |       |       |       |       ||    23
       Kick              |     7 |    18 |    62 |    91 |   216 |    47 |     2 ||   443
       Peck              |     6 |     9 |    52 |    71 |   133 |    23 |     2 ||   296
       Whip              |     4 |   104 |   289 |   374 |   628 |    90 |       ||  1489
       Staff             |       |       |       |     1 |    36 |    23 |     6 ||    66
       Quick blade       |       |       |       |       |    89 |       |       ||    89
       Rapier            |       |       |       |       |       |     5 |       ||     5
Throw: Throwing net      |       |       |       |     3 |       |       |       ||     3
 Cast: Shock             |    67 |    51 |    89 |   216 |   211 |     2 |       ||   636
       Swiftness         |       |       |     2 |     1 |       |       |       ||     3
       Airstrike         |       |       |     4 |     7 |   120 |   165 |    54 ||   350
       Foxfire           |       |       |       |    17 |     1 |       |       ||    18
       Lightning Bolt    |       |       |       |    32 |    42 |   159 |   107 ||   340
       Searing Ray       |       |       |       |    21 |     6 |       |       ||    27
       Static Discharge  |       |       |       |    64 |    64 |    12 |       ||   140
       Mephitic Cloud    |       |       |       |     8 |    52 |    16 |       ||    76
       Freezing Cloud    |       |       |       |       |    90 |    96 |     2 ||   188
       Blink             |       |       |       |       |     2 |     4 |       ||     6
       Conjure Ball Ligh |       |       |       |       |       |   156 |       ||   156
       Chain Lightning   |       |       |       |       |       |       |     9 ||     9
 Abil: Fly               |       |     1 |       |       |       |       |       ||     1
Evoke: Wand              |       |       |       |       |     3 |     7 |    11 ||    21
  Use: Scroll            |       |     9 |       |    14 |    14 |    14 |       ||    51
       Potion            |       |       |       |     1 |     4 |       |     3 ||     8
 Stab: Sleeping          |       |     7 |     4 |     3 |     5 |     1 |       ||    20
       Distracted        |       |     1 |     1 |       |     1 |       |       ||     3
       Confused          |       |       |       |     4 |    19 |     5 |       ||    28
  Eat: Chunk             |     1 |     7 |    15 |    28 |    48 |    35 |     2 ||   136
       Ration            |       |       |     1 |     4 |    11 |    21 |     2 ||    39
Armor: Robe              |     6 |     6 |    31 |    50 |    79 |    14 |       ||   186
       Steam dragon scal |       |       |       |       |       |    44 |    20 ||    64
Dodge: Dodged            |    21 |    70 |   229 |   504 |   766 |   483 |    76 ||  2149
Block: Buckler           |       |     2 |   119 |   248 |   414 |   180 |    24 ||   987
       Reflection        |       |       |    10 |     9 |    49 |     4 |       ||    72

Table legend:
 A = Non-vault XP
 B = Vault XP
 C = Vault XP percentage of total XP
 D = Non-vault monster count
 E = Vault monster count
 F = Vault count percentage of total count
                 A         B        C        D         E       F
            +---------+---------+-------+---------+---------+-------
      Total |  185326 |  167915 |  47.5 |     721 |     408 |  36.1
            +---------+---------+-------+---------+---------+-------
        D:1 |      38 |       4 |   9.5 |      18 |       1 |   5.3
        D:2 |      87 |       0 |   0.0 |      19 |       0 |   0.0
        D:3 |     150 |       0 |   0.0 |      26 |       0 |   0.0
        D:4 |     346 |     276 |  44.4 |      27 |       5 |  15.6
        D:5 |     299 |     223 |  42.7 |      13 |       2 |  13.3
        D:6 |     917 |    1741 |  65.5 |      30 |       4 |  11.8
        D:7 |    1410 |    3070 |  68.5 |      26 |      28 |  51.9
        D:8 |     327 |     111 |  25.3 |       5 |       1 |  16.7
        D:9 |    2662 |     438 |  14.1 |      35 |       2 |   5.4
       D:10 |    2530 |    2656 |  51.2 |      47 |       7 |  13.0
       D:11 |    5664 |     367 |   6.1 |      41 |       1 |   2.4
       D:12 |    4913 |    1835 |  27.2 |      29 |      19 |  39.6
       D:13 |    8613 |    8435 |  49.5 |      39 |      31 |  44.3
       D:14 |    7935 |       0 |   0.0 |      22 |       0 |   0.0
       D:15 |    6777 |    2235 |  24.8 |      30 |       3 |   9.1
     Lair:1 |    2383 |    2264 |  48.7 |       9 |       7 |  43.8
     Lair:2 |    2143 |    5284 |  71.1 |      11 |      15 |  57.7
   Shoals:1 |   11501 |    3128 |  21.4 |      22 |       6 |  21.4
   Shoals:2 |   17956 |    9216 |  33.9 |      36 |      14 |  28.0
   Shoals:3 |   13365 |    6681 |  33.3 |      27 |      10 |  27.0
   Shoals:4 |   12684 |   23733 |  65.2 |      24 |      37 |  60.7
    Snake:1 |   20710 |    9646 |  31.8 |      47 |      11 |  19.0
    Snake:2 |   20346 |    8781 |  30.1 |      35 |      21 |  37.5
    Snake:3 |   15484 |   16404 |  51.4 |      27 |      13 |  32.5
    Snake:4 |   21652 |   45063 |  67.5 |      42 |      87 |  67.4
      Orc:1 |    3476 |    2251 |  39.3 |      16 |       7 |  30.4
      Orc:2 |     958 |    9720 |  91.0 |      18 |      59 |  76.6
    Volcano |       0 |    4353 | 100.0 |       0 |      17 | 100.0
            +---------+---------+-------+---------+---------+-------
